 Dungeon Sprint DCSS version 0.30-a0-802-gb92711bcdf (webtiles) character file.

Game seed: 17408163070648484962

1100000 sircluck the Sorcerer (level 12, -20/70 HPs)
             Began as a Djinni Ice Elementalist on Feb 23, 2023.
             Demolished by a bag of meat
             ... wielding a +9 war axe
              (31 damage)
             ... in the Dungeon (Sprint VIII: "Arena of Blood").
             The game lasted 00:01:17 (11 turns).

sircluck the Sorcerer (Djinni Ice Elementalist)       Turns: 11, Time: 00:01:18

Health: -20/70     AC:  2    Str:  7    XL:     12   Next: 35%
Gold:   0          EV: 15    Int: 23    God:
                   SH:  0    Dex: 13

rFire   + + .      SeeInvis .    g - +∞ Axe of Woe
rCold   x . .      Faith    .    (shield currently unavailable)
rNeg    . . .      Spirit   .    a - +0 robe
rPois   ∞          Reflect  .    (no helmet)
rElec   .          Harm     .    (no cloak)
rCorr   .          Rampage  .    (no gloves)
Will    +....      NoTele   +    (boots unavailable)
Stlth   +++                      (no amulet)
HPRegen 0.31/turn                (no ring)
MPRegen 0.00/turn                (no ring)

@: flying
A: sickness immunity, fire resistance 2, cold vulnerability 1, float, innate
caster, HP casting, extra vitality 1
a: no special abilities


You were in the Dungeon.
You visited 1 branch

Inventory:

Hand Weapons
 g - the +∞ Axe of Woe (weapon)
   (You found it in the Dungeon)
Armour
 a - a +0 robe (worn)
Scrolls
 f - a scroll of blinking
Potions
 b - a potion of curing
 c - a potion of heal wounds
 d - a potion of haste
 e - a potion of berserk rage


   Skills:
 + Level 1.9 Axes
 + Level 7.9 Dodging
 + Level 5.8 Stealth
 + Level 21.6 Spellcasting


You knew the following spells:

 Your Spells              Type           Power      Damage    Failure   Level
a - Freeze                Ice            100%       1d10      0%          1
b - Frozen Ramparts       Ice            100%       1d16      0%          3
c - Ozocubu's Armour      Ice            90%        N/A       0%          3
d - Summon Ice Beast      Ice/Summ       90%        N/A       0%          4
e - Sting                 Tmut/Pois      100%       1d8       0%          1
f - Blink                 Tloc           100%       N/A       0%          2
g - Ignite Poison         Fire/Tmut/Pois 90%        N/A       0%          3
h - Manifold Assault      Tloc           90%        N/A       0%          4
i - Passage of Golubria   Tloc           90%        N/A       0%          4
Your spell library was empty.

Dungeon Overview and Level Annotations

Branches:
Dungeon (1/1)

Altars:
Makhleb


Innate Abilities, Weirdness & Mutations

You are immune to sickness and miasma.
You are immune to poison.
Your flesh is very heat resistant. (rF++)
You are vulnerable to cold. (rC-)
You float through the air rather than walking.
You learn spells naturally, not from books.
Your magical power is your life essence.
You have superior vitality. (+4 MHP)


Message History

Casting: Summon Ice Beast (safe; 0% risk of failure)
Confirm with . or Enter, or press ? or * to list all spells.
You blink. 2 bags of meat come into view.
The bag of meat shouts! x2; You hear a shout! x4
A bag of meat comes into view. It is wielding a +9 war axe. x2
You hear a shout! 2 bags of meat come into view.
You hear a shout! x4
A bag of meat comes into view. It is wielding a +9 war axe.
You hear a shout! x2
A bag of meat comes into view. It is wielding a +9 war axe.
The meat berserker appears out of thin air!
A meat berserker comes into view. It is wielding a +9 battleaxe.
The bag of meat shouts!
You hear a shout! x2; The bag of meat shouts!
You hear a shout! x8
A bag of meat comes into view. It is wielding a +9 war axe. x2
You hear a shout! x2
Casting: Blink (safe; 0% risk of failure)
Confirm with . or Enter, or press ? or * to list all spells.
You blink. 8 bags of meat and 2 meat berserkers come into view.
The bag of meat shouts! x7; You hear two shouts!
You hear a shout! x4
The meat berserker rages.
A meat berserker comes into view. It is wielding a +9 battleaxe.
The bag of meat hits you with a +9 war axe!
* * * LOW HITPOINT WARNING * * *
A bag of meat comes into view. It is wielding a +9 war axe. x2
A large bag of meat comes into view. It is wielding a +9 giant spiked club.
A bag of meat comes into view. It is wielding a +9 war axe. x2
You hear a shout! x3
Casting: Blink (safe; 0% risk of failure)
Confirm with . or Enter, or press ? or * to list all spells.
You blink.
A large bag of meat and 7 bags of meat come into view.
The large bag of meat shouts in stereo!
The bag of meat shouts! x3
* * * LOW HITPOINT WARNING * * *
You hear a shout! x7
The bag of meat hits you with a +9 war axe!!
You die...

######## ####......
#........
o....ooo##.##.# ###o
..o.oOo@o.o.o... ..o
.####.oo..##O##....o
#.....o..........O..
#.o...o..o.#.#o....
#.......oooo.......
..#.................
...#..o.oO..§oo.....
.............O......
.......§...o..o.....


You could see 2 large bags of meat, 2 meat berserkers and 24 bags of meat.

Vanquished Creatures
  2 orcs (D)
2 creatures vanquished.

Notes
Turn   | Place    | Note
-------+----------+-------------------------------------------
     0 | D        | Found the +∞ Axe of Woe
     0 | D        | sircluck the Djinni Ice Elementalist began the quest for
                  | the Orb.
     0 | D        | sircluck set off with the following spells memorised:
                  | Freeze, Frozen Ramparts, Ozocubu's Armour, Summon Ice
                  | Beast.
     0 | D        | Reached XP level 1. HP: 15/15 MP: 0/0
     0 | D        | Noticed a bag of meat
     2 | D        | Killed a bag of meat
     2 | D        | Noticed a bag of meat
     2 | D        | Noticed a bag of meat
     2 | D        | Noticed a bag of meat
     2 | D        | Noticed a bag of meat
     3 | D        | Reached skill level 5 in Stealth
     3 | D        | Reached skill level 19 in Spellcasting
     3 | D        | Reached XP level 2. HP: 21/21 MP: 0/0
     3 | D        | Reached XP level 3. HP: 25/25 MP: 0/0
     3 | D        | Learned a level 1 spell: Sting
     3 | D        | Reached XP level 4. HP: 31/31 MP: 0/0
     3 | D        | Reached XP level 5. HP: 35/35 MP: 0/0
     3 | D        | Learned a level 2 spell: Blink
     3 | D        | Reached XP level 6. HP: 40/40 MP: 0/0
     3 | D        | Reached XP level 7. HP: 45/45 MP: 0/0
     3 | D        | Learned a level 3 spell: Ignite Poison
     3 | D        | Reached XP level 8. HP: 50/50 MP: 0/0
     3 | D        | Reached XP level 9. HP: 55/55 MP: 0/0
     3 | D        | Learned a level 4 spell: Manifold Assault
     3 | D        | Reached XP level 10. HP: 60/60 MP: 0/0
     3 | D        | Reached XP level 11. HP: 65/65 MP: 0/0
     3 | D        | Learned a level 4 spell: Passage of Golubria
     3 | D        | Noticed a bag of meat
     4 | D        | Noticed a bag of meat
     5 | D        | Killed a bag of meat
     5 | D        | Noticed a bag of meat
     5 | D        | Noticed a bag of meat
     6 | D        | Reached skill level 1 in Axes
     6 | D        | Reached skill level 21 in Spellcasting
     6 | D        | Reached XP level 12. HP: 30/70 MP: 0/0
     7 | D        | Noticed a bag of meat
     7 | D        | Noticed a bag of meat
     7 | D        | Noticed a bag of meat
     7 | D        | Noticed a bag of meat
     8 | D        | Noticed a bag of meat
     8 | D        | Noticed a bag of meat
     8 | D        | Noticed a bag of meat
     9 | D        | Noticed a bag of meat
     9 | D        | Noticed a bag of meat
     9 | D        | Noticed a bag of meat
    10 | D        | Noticed a meat berserker
    10 | D        | Noticed a bag of meat
    10 | D        | Noticed a bag of meat
    10 | D        | Noticed a bag of meat
    10 | D        | Noticed a bag of meat
    10 | D        | Noticed a bag of meat
    10 | D        | Noticed a bag of meat
    10 | D        | Noticed a bag of meat
    10 | D        | Noticed a meat berserker
    10 | D        | Noticed a bag of meat
    10 | D        | Noticed a meat berserker
    10 | D        | Noticed a meat berserker
    10 | D        | Noticed a bag of meat
    10 | D        | Noticed a bag of meat
    10 | D        | Noticed a large bag of meat
    10 | D        | Noticed a bag of meat
    10 | D        | Noticed a bag of meat
    11 | D        | Noticed a bag of meat
    11 | D        | Noticed a large bag of meat
    11 | D        | Noticed a bag of meat
    11 | D        | Noticed a bag of meat
    11 | D        | Noticed a bag of meat
    11 | D        | Noticed a bag of meat
    11 | D        | Noticed a bag of meat
    11 | D        | Noticed a bag of meat
    11 | D        | Demolished by a bag of meat

Illustrated notes

Levels and vault maps discovered:
D:        meatsprint

Skill      XL: |  1  2  3  4  5  6  7  8  9 10 11 |
---------------+----------------------------------+-----
Dodging        | 6 7 |  7.9
Stealth        | 5 |  5.8
Spellcasting   | 19 21 | 21.6
Axes           | 1 |  1.9

Action                     |  1- 3 |  4- 6 |  7- 9 | 10-12 || total
---------------------------+-------+-------+-------+-------++-------
  Melee: Executioner's axe |     1 |       |       |     1 ||     2
   Cast: Summon Ice Beast  |       |       |       |     1 ||     1
         Blink             |       |       |       |     3 ||     3

Table legend: (Time is in decaauts)
 A = Elapsed time spent in this place.
 B = Non-inter-level travel time spent in this place.
 C = Inter-level travel time spent in this place.
 D = Time resting spent in this place.
 E = Time spent auto-exploring this place.
 F = Levels seen in this place.
 G = Mean time per level.
                   A        B        C        D        E       F      G
               +--------+--------+--------+--------+--------+-----+--------+
         Total |     12 |     12 |      0 |      0 |      0 |   1 |   12.0 |
       Dungeon |     12 |     12 |      0 |      0 |      0 |   1 |   12.0 |
               +--------+--------+--------+--------+--------+-----+--------+

Top non-repeatable levels by time:
       D: 12 daAuts
